 Dungeon Crawl Stone Soup version 0.18.1-48-g4cf74bf (webtiles) character file.

141 Joat the Sneak (level 5, -3/25 HPs)
             Began as a Spriggan Assassin on July 27, 2016.
             Shot with an arrow by a centaur (8 damage)
             ... on level 4 of the Dungeon on July 28, 2016.
             The game lasted 00:44:54 (3342 turns).

Joat the Sneak (Spriggan Assassin)                  Turns: 3342, Time: 00:44:54

Health: -3/25      AC:  3    Str:  7    XL:     5   Next: 3%
Magic:  6/6        EV: 20    Int: 12    God:
Gold:   152        SH:  0    Dex: 19    Spells: 0 memorised, 4 levels left

rFire  . . .     SeeInvis +     a - +2 dagger
rCold  . . .     Gourm    .     t - +0 robe
rNeg   . . .     Faith    .     (shield restricted)
rPois  +         Spirit   .     (helmet restricted)
rElec  .         Dismiss  .     d - +0 cloak
rCorr  .         Reflect  .     (gloves unavailable)
SustAt .         Harm     .     (boots unavailable)
MR     .....                    (no amulet)
Stlth  ++++......               (no ring)
                                c - ring of poison resistance

@: very quick, not resistant to hostile enchantments, stealthy
A: unfitting armour, see invisible, herbivore 3, speed 3, slow metabolism 2
a: no special abilities


You were on level 4 of the Dungeon.
You were not hungry.

You visited 1 branch of the dungeon, and saw 4 of its levels.

You collected 152 gold pieces.

Inventory:

Hand Weapons
 a - a +2 dagger (weapon)
 b - a +0 blowgun
 m - a +1 mace of draining
Missiles
 h - 19 bolts
 j - 24 sling bullets
 k - 106 stones (quivered)
 v - 13 arrows
Armour
 d - a +0 cloak (worn)
 t - a +0 robe (worn)
Jewellery
 c - a ring of poison resistance (left hand)
Wands
 w - a wand of flame (28/48)
Scrolls
 l - 2 scrolls of random uselessness {unknown}
 n - a scroll of teleportation
 p - a scroll of enchant armour {unknown}
Potions
 i - 4 potions of curing {unknown}
 o - 2 potions of ambrosia {unknown}
 q - a potion of might
 r - 2 potions of heal wounds {unknown}
 s - a potion of cure mutation
Books
 x - a book of Frost

   Spells                             Type                      Level
   a - Freeze                         Ice                          1
   b - Throw Frost                    Conjuration/Ice              2
   c - Ozocubu's Armour               Charms/Ice                   3
   d - Throw Icicle                   Conjuration/Ice              4
   e - Summon Ice Beast               Ice/Summoning                4
Comestibles
 g - 3 bread rations
 u - 6 fruits


   Skills:
 - Level 1.5 Fighting
 + Level 3.2 Short Blades
 - Level 2.0 Throwing
 + Level 4.4 Dodging
 * Level 7.7 Stealth


You had 4 spell levels left.
You didn't know any spells.

Dungeon Overview and Level Annotations

Branches:
Dungeon (4/15)
 Temple: D:4-7

Altars:
Ashenzari
Fedhas
Xom

Annotations:
D:3 WarriorsX's ghost, amateur HuFi


Innate Abilities, Weirdness & Mutations

You are tiny and cannot use many weapons and most armour.
You have supernaturally acute eyesight.
You are a herbivore.
You cover ground extremely quickly.
You need consume almost no food.


Message History

WarriorsX's ghost is moderately damaged.
WarriorsX's ghost hits you!
Ouch! That really hurt!
* * * LOW HITPOINT WARNING * * *
There is an escape hatch in the floor here.
You slide downwards.
The hatch slams shut behind you.
You hear the sound of rushing water.
There is an entrance to a sewer on this level.
Hurry and find it before the portal rusts away!
A worker ant and a centaur come into view.
Found a scroll of teleportation and 10 gold pieces.
Found a blossoming altar of Fedhas.
A giant cockroach comes into view.
You are too injured to fight recklessly!
You hit the bush but do no damage.
The centaur wields a shortbow.
The centaur shoots an arrow.
The arrow completely misses you.
An ogre comes into view. It is wielding a giant spiked club.
The centaur shoots an arrow.
The arrow closely misses you.
The centaur shoots an arrow.
The arrow misses you.
The centaur shoots an arrow.
The arrow hits you!
You die...

#########
#####(.....O.
#..@.....#
#.PPP.P#.####.
#.PcP.P...(...
#.PP_P.#.####
#


PPPP.P.# ..PP..?.a$. #.. ...###### ..s .#..# #.. #.#..# You could see a centaur.

Vanquished Creatures
  5 adders (D:2)
  2 oozes
  2 worms (D:2)
  A dart slug (D:1)
  2 giant geckos (D:1)
  An orc (D:3)
  7 bats
  4 giant cockroaches
  10 hobgoblins
  4 jackals (D:1)
  10 kobolds
  4 quokkas
  4 giant newts
  10 goblins
  4 rats
70 creatures vanquished.

Notes
Turn   | Place    | Note
--------------------------------------------------------------
     0 | D:1      | Joat the Spriggan Assassin began the quest for the Orb.
     0 | D:1      | Reached XP level 1. HP: 10/10 MP: 2/2
   125 | D:1      | Reached skill level 6 in Stealth
   214 | D:1      | Reached XP level 2. HP: 12/14 MP: 3/3
   644 | D:1      | Reached XP level 3. HP: 11/18 MP: 4/4
  1417 | D:2      | Reached XP level 4. HP: 9/22 MP: 5/5
  1624 | D:2      | Reached skill level 7 in Stealth
  1670 | D:2      | Found a shattered altar of Ashenzari.
  2075 | D:2      | Found a shimmering altar of Xom.
  3172 | D:3      | Reached XP level 5. HP: 23/25 MP: 6/6
  3304 | D:3      | Noticed WarriorsX's ghost (amateur HuFi)
  3337 | D:4      | Found a blossoming altar of Fedhas.
  3337 | D:4      | Noticed a centaur
  3340 | D:4      | Noticed an ogre
  3342 | D:4      | Shot with an arrow by a centaur

Skill      XL: |  1  2  3  4 |
---------------+-------------+-----
Stealth        | 6 7 |  7.7
Dodging        | 2 3 4 |  4.4
Short Blades   | 3 |  3.2
Fighting       | |  1.5
Throwing       | |  2.0

Action                   |  1- 3 |  4- 6 || total
-------------------------+-------+-------++-------
Melee: Dagger            |   122 |    94 ||   216
 Fire: Blowgun           |     4 |    14 ||    18
Throw: Stone             |       |    12 ||    12
  Use: Scroll            |       |     5 ||     5
 Stab: Sleeping          |     9 |    15 ||    24
Armor: Robe              |     8 |     4 ||    12
Dodge: Dodged            |    92 |    67 ||   159
